 Dungeon Crawl Stone Soup version 0.26.1-11-gd32895ea62 (webtiles) character file.

Game seed: 16741935872770792136

2323 ubername the Cleaver (level 9, 0/78 HPs)
             Began as a Hill Orc Monk on Apr 29, 2021.
             Slain by an orc warrior
             ... wielding a +0 dire flail
              (11 damage)
             ... on level 7 of the Dungeon.
             The game lasted 00:14:54 (7996 turns).

ubername the Cleaver (Hill Orc Monk)                Turns: 7996, Time: 00:14:55

Health: 0/78       AC: 11    Str: 17    XL:     9   Next: 42%
Magic:  11/11      EV: 14    Int: 16    God:
Gold:   291        SH:  0    Dex: 13    Spells: 8/8 levels left

rFire    + . .     SeeInvis .   b - +1 war axe
rCold    + . .     Faith    .   (no shield)
rNeg     . . .     Spirit   .   A - +0 scale mail
rPois    .         Reflect  .   j - +2 helmet
rElec    .         Harm     .   x - scarf {rC+ rF+}
rCorr    .         Rampage  .   (no gloves)
Will     .....                  (no boots)
Stlth    +.........             B - amulet of the acrobat
HPRegen  0.23/turn              p - +6 ring of intelligence
MPRegen  0.12/turn              a - +4 ring of evasion

@: no status effects
A: no striking features
a: no special abilities


You were on level 7 of the Dungeon.
You visited 1 branch of the dungeon, and saw 7 of its levels.

You collected 291 gold pieces.

Inventory:

Hand Weapons
 b - a +1 war axe (weapon)
Missiles
 d - 3 atropa-tipped darts
 g - 84 sling bullets
 i - 267 stones
 u - 17 poisoned darts (quivered)
Armour
 j - a +2 helmet (worn)
 t - a scarf of repulsion
 x - a scarf of resistance (worn)
 A - a +0 scale mail (worn)
Jewellery
 a - a +4 ring of evasion (right hand)
 p - a +6 ring of intelligence (left hand)
 B - an amulet of the acrobat (around neck)
Wands
 w - a wand of enslavement (9)
Scrolls
 c - 2 scrolls of teleportation
 e - 3 scrolls of enchant weapon
 f - a scroll of noise
 h - a scroll of holy word {unknown}
 k - 3 scrolls of remove curse
 l - 7 scrolls of identify
 m - 2 scrolls of fog
 q - 5 scrolls of enchant armour
 v - 2 scrolls of amnesia
Potions
 o - a potion of attraction {unknown}
 r - 2 potions of brilliance


   Skills:
 * Level 6.9 Fighting
 * Level 11.1 Axes
 + Level 1.2 Throwing
 * Level 6.6 Armour
 - Level 2.4 Dodging
 + Level 2.1 Stealth
 * Level 3.6 Invocations
 * Level 2.4 Evocations


You had 8 spell levels left.
You didn't know any spells.
Your spell library contained the following spells:

 Spells                   Type           Power        Failure   Level
 Magic Dart               Conj           0%           58%         1
 Blink                    Tloc           N/A          75%         2
 Call Imp                 Summ           0%           75%         2
 Slow                     Hex            0%           75%         2
 Conjure Flame            Conj/Fire      0%           92%         3
 Mephitic Cloud           Conj/Pois/Air  0%           92%         3


Dungeon Overview and Level Annotations

Branches:
Dungeon (7/15)             Temple (0/1) D:7

Altars:
Cheibriados
Dithmenos
Fedhas

Shops:
D:4 !

Annotations:
D:3 exclusion: oklob plant


Message History

You barely miss the orc warrior.
The orc warrior hits you but does no damage.
You barely miss the orc warrior. The orc warrior misses you.
You closely miss the orc warrior. The orc warrior barely misses you.
You hit the orc warrior.
The orc warrior is lightly wounded.
You closely miss the orc warrior.
The orc warrior is lightly wounded.
The orc warrior hits you but does no damage.
You hit the orc warrior.
The orc warrior is moderately wounded.
The orc warrior completely misses you.
You slash the orc warrior!
The orc warrior is severely wounded.
The orc warrior hits you with a +0 dire flail!
* * * LOW HITPOINT WARNING * * *
You hit the orc warrior.
The orc warrior is severely wounded.
The orc warrior hits you with a +0 dire flail!
You die...

#.#.# # #....# #.#..###..#.
#.#.#.# #....# #.#.......#.
#...#.#.#....# #.##..##....
#####.......#.######.##..#...#.
#...)†.o#...#.##.......#.....##
#...###.#)#.###.##.#######.#.##.#
#.) ...#)#......#.#.....#.#.##.#
.. #.###.#.####...........#.##.#
. #. #(######@#.#.###.#.#.##.# #
#()).(.o.(...............
############.#####..###..
............. .........###.
########.# #. #.###. ######..##.
###.....#.###


You could see an orc warrior.

Vanquished Creatures
  Eustachio (D:6)
  2 water moccasins (D:7)
  A black bear (D:3)
  2 ice beasts (D:6)
  An orc warrior (D:7)
  2 sky beasts
  3 centaurs
  A necrophage (D:7)
  2 ogres
  A bullfrog (D:7)
  2 scorpions
  A howler monkey (D:5)
  2 jellies
  A bullfrog skeleton (D:4)
  2 hounds
  Crazy Yiuf (D:2)
  2 orc priests
  Ijyb (D:4)
  A centaur skeleton (D:5)
  Jessica (D:2)
  An iguana (D:4)
  6 orc wizards
  A worker ant (D:4)
  A hound skeleton (D:4)
  7 adders
  2 shadow imps
  2 oozes
  An adder skeleton (D:4)
  4 worms
  2 dart slugs
  6 leopard geckos
  15 orcs
  6 bats
  4 giant cockroaches
  10 goblins
  8 hobgoblins
  12 kobolds
  2 quokkas
  5 frilled lizards
  8 rats
133 creatures vanquished.

Vanquished Creatures (others)
  7 plants (D:4)
  17 toadstools (D:3)
24 creatures vanquished.

Grand Total: 157 creatures vanquished

Notes
Turn   | Place    | Note
-------+----------+-------------------------------------------
     0 | D:1      | ubername the Hill Orc Monk began the quest for the Orb.
     0 | D:1      | Reached XP level 1. HP: 19/19 MP: 1/1
    96 | D:1      | Reached XP level 2. HP: 18/27 MP: 2/2
   445 | D:1      | Reached XP level 3. HP: 32/33 MP: 3/3
   583 | D:1      | Reached skill level 1 in Armour
  1400 | D:2      | Reached skill level 5 in Axes
  1400 | D:2      | Reached XP level 4. HP: 38/41 MP: 4/4
  1949 | D:2      | Noticed Jessica
  1961 | D:2      | Killed Jessica
  2289 | D:2      | Found a runed translucent door.
  2290 | D:2      | Noticed Crazy Yiuf
  2307 | D:2      | Killed Crazy Yiuf
  2308 | D:2      | Reached skill level 6 in Axes
  2308 | D:2      | Reached XP level 5. HP: 12/47 MP: 5/5
  2693 | D:3      | Found a shadowy altar of Dithmenos.
  3225 | D:3      | Reached skill level 1 in Throwing
  3225 | D:3      | Reached XP level 6. HP: 53/53 MP: 6/6
  3263 | D:3      | Found a blossoming altar of Fedhas.
  3278 | D:3      | Noticed an oklob plant
  3463 | D:3      | Found a snail-covered altar of Cheibriados.
  3464 | D:3      | Noticed a black bear
  3476 | D:3      | Killed a black bear
  3983 | D:4      | Noticed Ijyb
  4016 | D:4      | Killed Ijyb
  4017 | D:4      | Reached skill level 5 in Fighting
  4017 | D:4      | Reached skill level 7 in Axes
  4284 | D:4      | Reached XP level 7. HP: 60/61 MP: 7/7
  4661 | D:4      | Reached skill level 8 in Axes
  5204 | D:4      | Found Ummak's Distillery.
  5334 | D:4      | Reached skill level 1 in Invocations
  5500 | D:5      | Entered Level 5 of the Dungeon
  5635 | D:5      | Reached XP level 8. HP: 65/70 MP: 8/8
  5876 | D:5      | Reached skill level 9 in Axes
  5876 | D:5      | Reached skill level 5 in Armour
  6794 | D:6      | Reached skill level 1 in Evocations
  6893 | D:6      | Noticed Eustachio
  6907 | D:6      | Killed Eustachio
  7453 | D:7      | Reached skill level 10 in Axes
  7663 | D:7      | Reached XP level 9. HP: 78/78 MP: 11/11
  7695 | D:7      | Found a staircase to the Ecumenical Temple.
  7921 | D:7      | Reached skill level 11 in Axes
  7996 | D:7      | Slain by an orc warrior

Illustrated notes

Levels and vault maps discovered:
D:1:      nzn_arrival_settlement, layout_rooms, minmay_cupped
D:2:      layout_loops_corners, uniq_crazy_yiuf_cottage, uniq_jessica
D:3:      wad_pebble_path, layout_rooms, tgw_fedhas, lemuel_doored_altar,
          grunt_dithmenos_smoke
D:4:      layout_basic, serial_shops, shop, serial_forest,
          infiniplex_forest_zigzag_1, infiniplex_forest_lined_room_,
          infiniplex_forest_clump_tiny, infiniplex_forest_lined_room_2,
          infiniplex_forest_clump_cross, infiniplex_forest_zigzag_2, uniq_ijyb
D:5:      layout_basic
D:6:      layout_rooms, hangedman_decor_diamond_cutter, uniq_eustachio
D:7:      layout_basic, minmay_temple_entry_large_hall, serial_corexii_hall,
          corexii_hall_statues_u, corexii_hall_statues_i, lemuel_old_faithful

Skill      XL: |  1  2  3  4  5  6  7  8  9 |
---------------+----------------------------+-----
Fighting       | 4 5 6 |  6.9
Armour         | 1 2 3 4 6 |  6.6
Axes           | 5 6 7 8 10 11 | 11.1
Throwing       | 1 |  1.2
Stealth        | 2 |  2.1
Invocations    | 1 2 3 |  3.6
Evocations     | 1 2 |  2.4
Dodging        | |  2.4

Action                   |  1- 3 |  4- 6 |  7- 9 || total
-------------------------+-------+-------+-------++-------
Melee: Hand axe          |   101 |   130 |       ||   231
       War axe           |       |    54 |   265 ||   319
Throw: Dart              |    28 |    25 |       ||    53
       Stone             |       |     3 |       ||     3
  Use: Scroll            |       |     1 |     9 ||    10
       Potion            |       |       |     5 ||     5
 Stab: Sleeping          |     2 |       |       ||     2
Armor: Ring mail         |    49 |    81 |    45 ||   175
       Robe              |     1 |       |       ||     1
       Scale mail        |       |       |    61 ||    61
Dodge: Dodged            |    59 |    88 |   117 ||   264
